Condors vs Diablos
Created - October 27, 2020 at 19:33
Goals
|
| Condors |
1 |
3 |
0 |
1 |
5 |
| Diablos |
2 |
0 |
2 |
0 |
4 |
|
Shots
|
| Condors |
8 |
12 |
13 |
1 |
34 |
| Diablos |
18 |
6 |
14 |
1 |
39 |
|
1st period
1. Condors , Frederik Gauthier 2 (Anton Slepyshev 1, Alex Tuch 2) at 12:09
2. Diablos , Alex Petrovic 1 (Danton Heinen 4, Adrian Kempe 5) at 17:35 (PP)
3. Diablos , Tyler Pitlick 2 (Brian Dumoulin 3, Corey Trivino 1) at 17:51
Penalties :
Carl Gunnarsson (Bak) for Tripping (Minor) at 16:26
2nd period
4. Condors , Frederik Gauthier 3 (Anton Slepyshev 2) at 8:01
5. Condors , Tyler Bozak 2 (Chris Bigras 1, Nail Yakupov 3) at 11:39
6. Condors , Louis Leblanc 1 (C.J Suess 4, Mikko Lehtonen 2) at 13:41
Penalties :
Erik Cernak (Bak) for Boarding (Minor) at 0:51
3rd period
7. Diablos , Peter Holland 4 (Danton Heinen 5, Adrian Kempe 6) at 8:38
8. Diablos , Peter Holland 5 (Adrian Kempe 7, Danton Heinen 6) at 11:25 (PP)
Penalties :
Carl Gunnarsson (Bak) for Cross-checking (Minor) at 10:08, Andrey Pedan (Don) for Tripping (Minor) at 12:57
Overtime #1
9. Condors , Alex Tuch 2 (Zac Leslie 2) at 1:24 (SH)
Penalties :
Chris Bigras (Bak) for Interference (Minor) at 0:20
Goalie Stats
Mackenzie Blackwood (Bak), 35 saves from 39 shots - (0.897), W, 3-0-0, 61:24 minutes
Jean-Francois Berube (Don), 14 saves from 18 shots - (0.778), 33:41 minutes
Joni Ortio (Don), 15 saves from 16 shots - (0.938), OTL, 0-0-1, 27:43 minutes
Players Stats for Condors
Player Name G A P +/- PIM S H SB GA TA FO MP PP MP PK MP
------------------------------------------------------------------------------------
Alex Tuch 1 1 2 2 0 1 0 0 2 0 0/1 15:59 1:09 0:41
Andrew Mangiapane 0 0 0 0 0 0 1 1 0 2 0/1 20:34 0:50 0:23
Anton Slepyshev 0 2 2 1 0 2 4 0 0 0 1/2 15:11 1:09 0:00
Brett Lernout 0 0 0 2 0 0 1 1 0 0 0/0 15:15 0:00 2:08
C.J Suess 0 1 1 1 0 1 2 0 0 0 0/0 7:21 0:00 0:00
Carl Gunnarsson 0 0 0 -1 4 5 2 2 0 2 0/0 26:39 0:43 1:53
Chris Bigras 0 1 1 2 2 0 0 2 0 0 0/0 18:21 1:16 0:00
Christian Thomas 0 0 0 0 0 1 1 0 1 0 0/0 12:11 0:00 0:00
Daniel Zaar 0 0 0 0 0 3 1 0 0 0 0/0 12:28 0:00 0:00
Eric Gustafsson 0 0 0 -1 0 4 3 2 0 1 0/0 27:47 0:43 3:20
Erik Cernak 0 0 0 1 2 0 1 1 0 1 0/0 14:50 0:00 1:27
Frederik Gauthier 2 0 2 1 0 2 1 1 0 2 8/16 16:09 0:50 1:13
Louis Leblanc 1 0 1 1 0 1 0 1 0 1 1/3 7:45 0:00 0:00
Mark Jankowski 0 0 0 0 0 3 1 0 0 0 7/8 13:17 0:00 1:13
Mikko Lehtonen 0 1 1 1 0 0 0 0 1 0 1/2 7:52 0:00 0:00
Nail Yakupov 0 1 1 0 0 5 2 1 0 0 1/3 23:45 0:50 2:56
Tyler Bozak 1 0 1 0 0 6 2 0 2 0 25/41 24:31 1:09 3:27
Zac Leslie 0 1 1 3 0 0 1 1 0 1 0/0 20:09 1:16 2:08
Players Stats for Diablos
Player Name G A P +/- PIM S H SB GA TA FO MP PP MP PK MP
------------------------------------------------------------------------------------
Adrian Kempe 0 3 3 0 0 5 4 0 3 0 1/2 23:39 2:55 0:00
Alex Petrovic 1 0 1 -4 0 2 0 1 1 1 0/0 29:42 3:05 1:19
Andrei Mironov 0 0 0 1 0 0 0 0 0 0 0/0 14:10 0:00 0:00
Andrey Pedan 0 0 0 0 2 0 3 4 0 1 0/0 13:07 0:00 0:00
Brian Dumoulin 0 1 1 1 0 4 2 2 0 1 0/0 22:21 1:20 0:52
Charles Hudon 0 0 0 -1 0 0 1 0 1 0 0/0 8:13 0:00 0:00
Corey Trivino 0 1 1 -1 0 2 3 1 0 1 7/21 18:06 1:30 1:04
Corey Tropp 0 0 0 -1 0 1 0 0 0 2 0/0 10:38 0:00 0:31
Daniel Sprong 0 0 0 -1 0 0 1 0 0 0 0/0 8:13 0:00 0:00
Danton Heinen 0 3 3 -1 0 4 1 0 1 0 2/6 22:53 2:55 0:00
Dean Kukan 0 0 0 -1 0 0 0 4 0 0 0/0 16:58 0:31 1:07
Dominic Turgeon 0 0 0 -1 0 0 0 0 0 0 0/0 8:13 0:00 0:00
Jiri Sekac 0 0 0 0 0 2 3 0 0 0 0/2 17:36 1:30 0:36
Mason Appleton 0 0 0 -1 0 1 2 0 0 0 0/5 10:31 0:00 0:00
Peter Holland 2 0 2 0 0 10 1 0 0 0 22/39 24:03 2:55 0:24
Sergey Tolchinsky 0 0 0 -1 0 1 0 1 0 0 0/1 10:26 0:00 0:19
Tyler Pitlick 1 0 1 0 0 2 1 0 2 0 1/1 18:11 1:30 1:04
Viktor Loov 0 0 0 -3 0 5 0 3 2 0 0/0 26:36 3:54 0:40
3 Stars
1 - Frederik Gauthier (Bak)
2 - Alex Tuch (Bak)
3 - Peter Holland (Don)
Power Play
Condors - 0 on 1 Attempt(s) - 0.00%
Diablos - 2 on 4 Attempt(s) - 50.00%
Penalty Kill
Condors - 2 on 4 Attempt(s) - 50.00%
- Score 1 goal in Penalty Kill
Diablos - 1 on 1 Attempt(s) - 100.00%
- Score 0 goal in Penalty Kill
Team Stat
Condors - Hits : 23 - Faceoff Wins : 44 - Blocked Shots : 13 - Penalty Minutes : 8
Diablos - Hits : 22 - Faceoff Wins : 33 - Blocked Shots : 16 - Penalty Minutes : 2
Official
Referees : Unknown
Linesman : Unknown
Game Notes
Joni Ortio enters game at 13:41 of 2nd period
Finance
Level 1 -- Attendance: 2000 (100.00%) -- Ticket Income $40,000
Level 2 -- Attendance: 1000 (100.00%) -- Ticket Income $13,000
Total Attendance: 3000 (100.00%)
Total Ticket Income: $53,000
Other Income: $2,650
Total Income: $55,650
Condors
5 vs 5 Forward
Center Left Wing Right Wing Time % Phy DF OF
1 Tyler Bozak Andrew Mangiapane Nail Yakupov 40 1 2 2
2 Frederik Gauthier Anton Slepyshev Alex Tuch 30 1 2 2
3 Mark Jankowski Christian Thomas Daniel Zaar 20 1 2 2
4 Louis Leblanc C.J Suess Mikko Lehtonen 10 1 2 2
5 vs 5 Defense
Defense Defense Time % Phy DF OF
1 Carl Gunnarsson Eric Gustafsson 40 1 2 2
2 Zac Leslie Chris Bigras 30 1 2 2
3 Brett Lernout Erik Cernak 20 1 2 2
4 Carl Gunnarsson Eric Gustafsson 10 1 2 2
PowerPlay Forward
Center Left Wing Right Wing Time % Phy DF OF
1 Tyler Bozak Anton Slepyshev Alex Tuch 60 1 2 2
2 Frederik Gauthier Andrew Mangiapane Nail Yakupov 40 1 2 2
PowerPlay Defense
Defense Defense Time % Phy DF OF
1 Carl Gunnarsson Eric Gustafsson 60 1 2 2
2 Zac Leslie Chris Bigras 40 1 2 2
Penalty Kill 4 Players Forward
Center Wing Time % Phy DF OF
1 Tyler Bozak Nail Yakupov 60 1 2 2
2 Frederik Gauthier Mark Jankowski 40 1 2 2
Penalty Kill 4 Players Defense
Defense Defense Time % Phy DF OF
1 Carl Gunnarsson Eric Gustafsson 60 1 2 2
2 Zac Leslie Brett Lernout 40 1 2 2
Penalty Kill - 3 Players Forward
Forward Time % Phy DF OF
1 Tyler Bozak 60 1 2 2
2 Nail Yakupov 40 1 2 2
Penalty Kill - 3 Players Defense
Defense Defense Time % Phy DF OF
1 Carl Gunnarsson Eric Gustafsson 60 1 2 2
2 Zac Leslie Brett Lernout 40 1 2 2
4 vs 4 Forward
Center Wing Time % Phy DF OF
1 Tyler Bozak Nail Yakupov 60 1 2 2
2 Frederik Gauthier Mark Jankowski 40 1 2 2
4 vs 4 Defense
Defense Defense Time % Phy DF OF
1 Carl Gunnarsson Chris Bigras 60 1 2 2
2 Zac Leslie Eric Gustafsson 40 1 2 2
Last Minutes Offensive
Center Left Wing Right Wing Defense Defense
Tyler Bozak Anton Slepyshev Nail Yakupov Carl Gunnarsson Eric Gustafsson
Last Minutes Defensive
Center Left Wing Right Wing Defense Defense
Tyler Bozak Anton Slepyshev Nail Yakupov Carl Gunnarsson Eric Gustafsson
Goaltenders
Starting : Mackenzie Blackwood
Backup : Mark Visentin
Extra Forwards
Normal : Louis Leblanc, Daniel Zaar, Alex Tuch - PP : Louis Leblanc, Daniel Zaar - PK : Alex Tuch
Extra Defensemen
Normal : Brett Lernout, Erik Cernak, Zac Leslie - PP : Brett Lernout - PK : Erik Cernak, Zac Leslie
Penalty Shots
Tyler Bozak, Nail Yakupov, Frederik Gauthier, Mark Jankowski, Anton Slepyshev
Scratches
Emil Djuse (Healthy), Jacob Larsson (Healthy), Nick Merkley (Healthy), Cole Cassels (Healthy), Jordan Subban (Healthy)
Jeremy Gregoire (Healthy), Connor Hurley (Healthy), Remi Elie (Healthy), Gustav Olofsson (Healthy), Adam Erne (Healthy)
Brett Ritchie (Healthy), Anders Bjork (Healthy), Marc-André Bourdon (Fractured Orbital Bone Injury), Hunter Smith (Healthy), Mike Smith (Healthy)
Jack Campbell (Healthy)
Diablos
5 vs 5 Forward
Center Left Wing Right Wing Time % Phy DF OF
1 Peter Holland Adrian Kempe Danton Heinen 45 0 2 3
2 Corey Trivino Jiri Sekac Tyler Pitlick 30 0 2 3
3 Mason Appleton Sergey Tolchinsky Corey Tropp 15 0 2 3
4 Dominic Turgeon Charles Hudon Daniel Sprong 10 0 3 2
5 vs 5 Defense
Defense Defense Time % Phy DF OF
1 Viktor Loov Alex Petrovic 40 0 3 2
2 Brian Dumoulin Andrei Mironov 30 0 3 2
3 Dean Kukan Andrey Pedan 20 0 3 2
4 Alex Petrovic Brian Dumoulin 10 0 3 2
PowerPlay Forward
Center Left Wing Right Wing Time % Phy DF OF
1 Peter Holland Adrian Kempe Danton Heinen 60 0 0 5
2 Corey Trivino Jiri Sekac Tyler Pitlick 40 0 0 5
PowerPlay Defense
Defense Defense Time % Phy DF OF
1 Alex Petrovic Viktor Loov 60 0 1 4
2 Brian Dumoulin Viktor Loov 40 0 1 4
Penalty Kill 4 Players Forward
Center Wing Time % Phy DF OF
1 Corey Trivino Tyler Pitlick 60 1 4 0
2 Peter Holland Sergey Tolchinsky 40 1 4 0
Penalty Kill 4 Players Defense
Defense Defense Time % Phy DF OF
1 Dean Kukan Alex Petrovic 60 1 4 0
2 Brian Dumoulin Viktor Loov 40 1 4 0
Penalty Kill - 3 Players Forward
Forward Time % Phy DF OF
1 Corey Trivino 60 0 5 0
2 Mason Appleton 40 0 5 0
Penalty Kill - 3 Players Defense
Defense Defense Time % Phy DF OF
1 Dean Kukan Viktor Loov 60 0 5 0
2 Alex Petrovic Andrey Pedan 40 0 5 0
4 vs 4 Forward
Center Wing Time % Phy DF OF
1 Peter Holland Adrian Kempe 60 0 2 3
2 Corey Trivino Danton Heinen 40 0 2 3
4 vs 4 Defense
Defense Defense Time % Phy DF OF
1 Viktor Loov Brian Dumoulin 60 0 2 3
2 Alex Petrovic Dean Kukan 40 0 2 3
Last Minutes Offensive
Center Left Wing Right Wing Defense Defense
Peter Holland Adrian Kempe Danton Heinen Brian Dumoulin Alex Petrovic
Last Minutes Defensive
Center Left Wing Right Wing Defense Defense
Corey Trivino Sergey Tolchinsky Corey Tropp Viktor Loov Dean Kukan
Goaltenders
Starting : Jean-Francois Berube
Backup : Joni Ortio
Extra Forwards
Normal : Adrian Kempe, Danton Heinen, Peter Holland - PP : Danton Heinen, Adrian Kempe - PK : Corey Tropp
Extra Defensemen
Normal : Brian Dumoulin, Alex Petrovic, Viktor Loov - PP : Brian Dumoulin - PK : Dean Kukan, Viktor Loov
Penalty Shots
Peter Holland, Adrian Kempe, Danton Heinen, Corey Trivino, Corey Tropp
Scratches
Adam Gaudette (Lacerated Right Calf Injury), Guillaume Brisebois (Healthy), Tyler Lewington (Healthy), Tobias Lindberg (Healthy), Scott Glennie (Healthy)
Ty Rattie (Healthy), Jakub Vrana (Healthy), Jack Glover (Healthy), Ryan MacInnis (Healthy)
% Time on Ice - Condors
Lines # - Real PCT - Wanted PCT - Time Play
Normal Forward
1 - 37% - 40% - 20:05
2 - 26% - 30% - 14:06
3 - 23% - 20% - 12:04
4 - 14% - 10% - 7:21
Normal Defense
1 - 39% - 40% - 20:55
2 - 31% - 30% - 16:45
3 - 24% - 20% - 13:07
4 - 5% - 10% - 2:49
PP Forward
1 - 58% - 60% - 1:09
2 - 42% - 40% - 0:50
PP Defense
1 - 36% - 60% - 0:43
2 - 64% - 40% - 1:16
PK Forward
1 - 72% - 60% - 3:12
2 - 28% - 40% - 1:13
PK Defense
1 - 61% - 60% - 2:42
2 - 39% - 40% - 1:43
PK3 Forward
1 - 89% - 60% - 0:56
2 - 11% - 40% - 0:07
PK3 Defense
1 - 60% - 60% - 0:38
2 - 40% - 40% - 0:25
44 Forward
1 - 100% - 60% - 0:21
2 - 0% - 40% - 0:00
44 Defense
1 - 100% - 60% - 0:21
2 - 0% - 40% - 0:00
Last Minute Offensive - 0:00
Last Minute Defensive - 0:00
Total
Forward - 61:24
Defense - 61:24
|
% Time on Ice - Diablos
Lines # - Real PCT - Wanted PCT - Time Play
Normal Forward
1 - 38% - 45% - 20:10
2 - 28% - 30% - 15:06
3 - 19% - 15% - 10:07
4 - 15% - 10% - 8:13
Normal Defense
1 - 41% - 40% - 21:58
2 - 29% - 30% - 15:46
3 - 22% - 20% - 12:03
4 - 7% - 10% - 3:49
PP Forward
1 - 66% - 60% - 2:55
2 - 34% - 40% - 1:30
PP Defense
1 - 70% - 60% - 3:05
2 - 30% - 40% - 1:20
PK Forward
1 - 84% - 60% - 1:40
2 - 16% - 40% - 0:19
PK Defense
1 - 67% - 60% - 1:20
2 - 33% - 40% - 0:39
PK3 Forward
1 - 0% - 60%
2 - 0% - 40%
PK3 Defense
1 - 0% - 60%
2 - 0% - 40%
44 Forward
1 - 77% - 60% - 1:05
2 - 23% - 40% - 0:19
44 Defense
1 - 57% - 60% - 0:48
2 - 43% - 40% - 0:36
Last Minute Offensive - 0:00
Last Minute Defensive - 0:00
Total
Forward - 61:24
Defense - 61:24
|
Play-by-Play
1st period
0:01 of 1st period - Peter Holland wins face-off versus Tyler Bozak in neutral zone.
0:59 of 1st period - Wrist shot by Mark Jankowski.
0:59 of 1st period - Stopped by Jean-Francois Berube without a rebound.
1:00 of 1st period - Peter Holland wins face-off versus Mikko Lehtonen in Diablos zone.
1:32 of 1st period - Slapshot by Nail Yakupov.
1:32 of 1st period - Shot Blocked by Dean Kukan.
1:43 of 1st period - Icing by Andrew Mangiapane.
1:44 of 1st period - Corey Trivino wins face-off versus Tyler Bozak in Condors zone.
1:55 of 1st period - Snap shot by Adrian Kempe.
1:55 of 1st period - Shot Blocked by Zac Leslie.
1:57 of 1st period - Wrist shot by Peter Holland.
1:57 of 1st period - Stopped by Mackenzie Blackwood without a rebound.
1:58 of 1st period - Frederik Gauthier wins face-off versus Corey Trivino in Condors zone.
1:58 of 1st period - Frederik Gauthier is hit by Jiri Sekac.
2:25 of 1st period - Brian Dumoulin is hit by Erik Cernak.
2:31 of 1st period - Snap shot by Adrian Kempe.
2:31 of 1st period - Stopped by Mackenzie Blackwood without a rebound.
2:32 of 1st period - Mark Jankowski wins face-off versus Sergey Tolchinsky in Condors zone.
2:57 of 1st period - Adrian Kempe is hit by Carl Gunnarsson and loses puck.
3:06 of 1st period - Slapshot by Nail Yakupov.
3:06 of 1st period - Stopped by Jean-Francois Berube without a rebound.
3:07 of 1st period - Corey Trivino wins face-off versus Frederik Gauthier in Diablos zone.
3:32 of 1st period - Andrew Mangiapane is hit by Adrian Kempe and loses puck.
4:18 of 1st period - Wrist shot by Sergey Tolchinsky.
4:18 of 1st period - Stopped by Mackenzie Blackwood with a rebound.
4:24 of 1st period - Slapshot by Mark Jankowski.
4:24 of 1st period - Stopped by Jean-Francois Berube without a rebound.
4:25 of 1st period - Danton Heinen wins face-off versus Nail Yakupov in Diablos zone.
4:40 of 1st period - Snap shot by Tyler Bozak.
4:40 of 1st period - Shot Misses the Net.
4:50 of 1st period - Carl Gunnarsson is hit by Corey Trivino and loses puck.
5:41 of 1st period - Wrist shot by Tyler Bozak.
5:41 of 1st period - Stopped by Jean-Francois Berube with a rebound.
6:05 of 1st period - Wrist shot by Adrian Kempe.
6:05 of 1st period - Stopped by Mackenzie Blackwood with a rebound.
6:25 of 1st period - Snap shot by Anton Slepyshev.
6:25 of 1st period - Shot Misses the Net.
6:39 of 1st period - Wrist shot by Tyler Bozak.
6:39 of 1st period - Shot Blocked by Sergey Tolchinsky.
6:41 of 1st period - Slapshot by Zac Leslie.
6:41 of 1st period - Deflect By Nail Yakupov.
6:41 of 1st period - Shot Misses the Net.
6:41 of 1st period - Puck is out of play.
6:42 of 1st period - Nail Yakupov wins face-off versus Peter Holland in Diablos zone.
7:07 of 1st period - Wrist shot by Mark Jankowski.
7:07 of 1st period - Shot Misses the Net.
7:25 of 1st period - Snap shot by Adrian Kempe.
7:25 of 1st period - Deflect By Danton Heinen.
7:25 of 1st period - Shot Misses the Net.
7:25 of 1st period - Puck is out of play.
7:26 of 1st period - Tyler Bozak wins face-off versus Corey Trivino in Condors zone.
7:33 of 1st period - Alex Petrovic is hit by Nail Yakupov and loses puck.
7:52 of 1st period - Alex Petrovic is hit by Anton Slepyshev and loses puck.
8:17 of 1st period - Dominic Turgeon is hit by Zac Leslie.
8:39 of 1st period - Andrey Pedan is hit by C.J Suess and loses puck.
9:00 of 1st period - Slapshot by Nail Yakupov.
9:00 of 1st period - Shot Blocked by Andrey Pedan.
9:38 of 1st period - Carl Gunnarsson is hit by Charles Hudon and loses puck.
10:20 of 1st period - Snap shot by Nail Yakupov.
10:20 of 1st period - Stopped by Jean-Francois Berube with a rebound.
10:22 of 1st period - Slapshot by Carl Gunnarsson.
10:22 of 1st period - Stopped by Jean-Francois Berube without a rebound.
10:23 of 1st period - Frederik Gauthier wins face-off versus Peter Holland in Diablos zone.
10:29 of 1st period - Off-side.
10:30 of 1st period - Peter Holland wins face-off versus Frederik Gauthier in neutral zone.
11:01 of 1st period - Slapshot by Tyler Pitlick.
11:01 of 1st period - Deflect By Jiri Sekac.
11:01 of 1st period - Stopped by Mackenzie Blackwood with a rebound.
11:15 of 1st period - Snap shot by Christian Thomas.
11:15 of 1st period - Stopped by Jean-Francois Berube without a rebound.
11:16 of 1st period - Mark Jankowski wins face-off versus Mason Appleton in Diablos zone.
11:19 of 1st period - Snap shot by Mark Jankowski.
11:19 of 1st period - Shot Misses the Net.
11:51 of 1st period - Slapshot by Peter Holland.
11:51 of 1st period - Stopped by Mackenzie Blackwood with a rebound.
11:53 of 1st period - Slapshot by Brian Dumoulin.
11:53 of 1st period - Shot Blocked by Eric Gustafsson.
12:09 of 1st period - Snap shot by Frederik Gauthier.
12:09 of 1st period - Goal by Frederik Gauthier - Condors : 1 - Diablos : 0.
12:10 of 1st period - Peter Holland wins face-off versus Tyler Bozak in neutral zone.
12:13 of 1st period - Brett Lernout is hit by Brian Dumoulin and loses puck.
12:22 of 1st period - Slapshot by Adrian Kempe.
12:22 of 1st period - Shot Misses the Net.
12:24 of 1st period - Slapshot by Brian Dumoulin.
12:24 of 1st period - Stopped by Mackenzie Blackwood without a rebound.
12:25 of 1st period - Anton Slepyshev wins face-off versus Corey Trivino in Condors zone.
12:25 of 1st period - Anton Slepyshev is hit by Jiri Sekac.
13:56 of 1st period - Jiri Sekac is hit by Anton Slepyshev and loses puck.
14:17 of 1st period - Snap shot by Nail Yakupov.
14:17 of 1st period - Shot Misses the Net.
14:43 of 1st period - Snap shot by Danton Heinen.
14:43 of 1st period - Stopped by Mackenzie Blackwood without a rebound.
14:44 of 1st period - Corey Trivino wins face-off versus Mark Jankowski in Condors zone.
15:42 of 1st period - Wrist shot by Mason Appleton.
15:42 of 1st period - Stopped by Mackenzie Blackwood with a rebound.
15:58 of 1st period - Slapshot by Danton Heinen.
15:58 of 1st period - Stopped by Mackenzie Blackwood without a rebound.
15:59 of 1st period - Peter Holland wins face-off versus Nail Yakupov in Condors zone.
16:04 of 1st period - Wrist shot by Peter Holland.
16:04 of 1st period - Stopped by Mackenzie Blackwood without a rebound.
16:05 of 1st period - Peter Holland wins face-off versus Andrew Mangiapane in Condors zone.
16:26 of 1st period - Minor Penalty to Carl Gunnarsson for Tripping.
16:27 of 1st period - Peter Holland wins face-off versus Tyler Bozak in Condors zone.
16:36 of 1st period - Snap shot by Peter Holland.
16:36 of 1st period - Stopped by Mackenzie Blackwood without a rebound.
16:37 of 1st period - Tyler Bozak wins face-off versus Peter Holland in Condors zone.
17:33 of 1st period - Wrist shot by Danton Heinen.
17:33 of 1st period - Shot Misses the Net.
17:35 of 1st period - Slapshot by Alex Petrovic.
17:35 of 1st period - Goal by Alex Petrovic - Condors : 1 - Diablos : 1.
17:36 of 1st period - Frederik Gauthier wins face-off versus Corey Trivino in neutral zone.
17:43 of 1st period - Snap shot by Tyler Pitlick.
17:43 of 1st period - Shot Blocked by Eric Gustafsson.
17:45 of 1st period - Slapshot by Brian Dumoulin.
17:45 of 1st period - Stopped by Mackenzie Blackwood with a rebound.
17:47 of 1st period - Snap shot by Tyler Pitlick.
17:47 of 1st period - Shot Blocked by Carl Gunnarsson.
17:49 of 1st period - Wrist shot by Brian Dumoulin.
17:49 of 1st period - Stopped by Mackenzie Blackwood with a rebound.
17:51 of 1st period - Snap shot by Tyler Pitlick.
17:51 of 1st period - Goal by Tyler Pitlick - Condors : 1 - Diablos : 2.
17:52 of 1st period - Tyler Bozak wins face-off versus Peter Holland in neutral zone.
17:57 of 1st period - Snap shot by Nail Yakupov.
17:57 of 1st period - Shot Blocked by Viktor Loov.
18:05 of 1st period - Wrist shot by Danton Heinen.
18:05 of 1st period - Stopped by Mackenzie Blackwood without a rebound.
18:06 of 1st period - Peter Holland wins face-off versus Frederik Gauthier in Condors zone.
18:09 of 1st period - Slapshot by Peter Holland.
18:09 of 1st period - Shot Misses the Net.
18:21 of 1st period - Snap shot by Peter Holland.
18:21 of 1st period - Stopped by Mackenzie Blackwood without a rebound.
18:22 of 1st period - Tyler Bozak wins face-off versus Corey Trivino in Condors zone.
18:22 of 1st period - Tyler Bozak is hit by Jiri Sekac.
18:48 of 1st period - Alex Petrovic is hit by Eric Gustafsson.
19:17 of 1st period - Slapshot by Erik Cernak.
19:17 of 1st period - Shot Blocked by Andrey Pedan.
19:31 of 1st period - Mikko Lehtonen is hit by Andrey Pedan and loses puck.
19:47 of 1st period - Icing by Nail Yakupov.
19:48 of 1st period - Tyler Bozak wins face-off versus Corey Trivino in Condors zone.
Goals for this period are 1 for Condors vs 2 for Diablos .
Shots for this period are 8 for Condors vs 18 for Diablos .
2nd period
0:01 of 2nd period - Tyler Bozak wins face-off versus Peter Holland in neutral zone.
0:32 of 2nd period - Wrist shot by Anton Slepyshev.
0:32 of 2nd period - Stopped by Jean-Francois Berube without a rebound.
0:33 of 2nd period - Corey Trivino wins face-off versus Frederik Gauthier in Diablos zone.
0:38 of 2nd period - Snap shot by Anton Slepyshev.
0:38 of 2nd period - Stopped by Jean-Francois Berube with a rebound.
0:51 of 2nd period - Minor Penalty to Erik Cernak for Boarding.
0:52 of 2nd period - Tyler Bozak wins face-off versus Peter Holland in Condors zone.
2:21 of 2nd period - Icing by Corey Trivino.
2:22 of 2nd period - Tyler Bozak wins face-off versus Corey Trivino in Diablos zone.
2:51 of 2nd period - Penalty to Erik Cernak is over, Erik Cernak is back on ice.
3:07 of 2nd period - Icing by Dean Kukan.
3:08 of 2nd period - Frederik Gauthier wins face-off versus Mason Appleton in Diablos zone.
3:29 of 2nd period - Daniel Zaar is hit by Mason Appleton.
4:21 of 2nd period - Brian Dumoulin is hit by Frederik Gauthier and loses puck.
4:42 of 2nd period - Corey Trivino is hit by Christian Thomas and loses puck.
5:23 of 2nd period - Dean Kukan is hit by Eric Gustafsson and loses puck.
6:29 of 2nd period - Backhand shot by Adrian Kempe.
6:29 of 2nd period - Stopped by Mackenzie Blackwood without a rebound.
6:30 of 2nd period - Peter Holland wins face-off versus Anton Slepyshev in Condors zone.
6:31 of 2nd period - Wrist shot by Adrian Kempe.
6:31 of 2nd period - Deflect By Alex Tuch.
6:31 of 2nd period - Shot Blocked by Frederik Gauthier.
6:31 of 2nd period - Puck is out of play.
6:32 of 2nd period - Adrian Kempe wins face-off versus Frederik Gauthier in Condors zone.
7:27 of 2nd period - Backhand shot by Mikko Lehtonen.
7:27 of 2nd period - Deflect By C.J Suess.
7:27 of 2nd period - Stopped by Jean-Francois Berube without a rebound.
7:28 of 2nd period - Tyler Bozak wins face-off versus Danton Heinen in Diablos zone.
7:54 of 2nd period - Charles Hudon is hit by Brett Lernout and loses puck.
7:59 of 2nd period - Snap shot by Frederik Gauthier.
7:59 of 2nd period - Shot Blocked by Viktor Loov.
8:01 of 2nd period - Wrist shot by Frederik Gauthier.
8:01 of 2nd period - Goal by Frederik Gauthier - Condors : 2 - Diablos : 2.
8:02 of 2nd period - Tyler Bozak wins face-off versus Peter Holland in neutral zone.
8:04 of 2nd period - Off-side.
8:05 of 2nd period - Peter Holland wins face-off versus Tyler Bozak in neutral zone.
8:10 of 2nd period - Slapshot by Brian Dumoulin.
8:10 of 2nd period - Stopped by Mackenzie Blackwood without a rebound.
8:11 of 2nd period - Peter Holland wins face-off versus Tyler Bozak in Condors zone.
8:32 of 2nd period - Nail Yakupov is hit by Adrian Kempe and loses puck.
8:47 of 2nd period - Snap shot by Carl Gunnarsson.
8:47 of 2nd period - Stopped by Jean-Francois Berube without a rebound.
8:48 of 2nd period - Frederik Gauthier wins face-off versus Corey Trivino in Diablos zone.
8:49 of 2nd period - Slapshot by Anton Slepyshev.
8:49 of 2nd period - Shot Misses the Net.
9:13 of 2nd period - Mark Jankowski is hit by Andrey Pedan and loses puck.
9:37 of 2nd period - Off-side.
9:38 of 2nd period - Louis Leblanc wins face-off versus Mason Appleton in neutral zone.
9:40 of 2nd period - Off-side.
9:41 of 2nd period - Peter Holland wins face-off versus Louis Leblanc in neutral zone.
9:53 of 2nd period - Snap shot by C.J Suess.
9:53 of 2nd period - Shot Misses the Net.
9:55 of 2nd period - Slapshot by Carl Gunnarsson.
9:55 of 2nd period - Stopped by Jean-Francois Berube without a rebound.
9:56 of 2nd period - Tyler Bozak wins face-off versus Danton Heinen in Diablos zone.
9:59 of 2nd period - Backhand shot by Nail Yakupov.
9:59 of 2nd period - Stopped by Jean-Francois Berube without a rebound.
10:00 of 2nd period - Peter Holland wins face-off versus Tyler Bozak in Diablos zone.
10:37 of 2nd period - Snap shot by Anton Slepyshev.
10:37 of 2nd period - Shot Blocked by Corey Trivino.
11:07 of 2nd period - Wrist shot by Viktor Loov.
11:07 of 2nd period - Stopped by Mackenzie Blackwood with a rebound.
11:11 of 2nd period - Wrist shot by Danton Heinen.
11:11 of 2nd period - Stopped by Mackenzie Blackwood with a rebound.
11:13 of 2nd period - Wrist shot by Viktor Loov.
11:13 of 2nd period - Deflect By Mikko Lehtonen.
11:13 of 2nd period - Stopped by Mackenzie Blackwood with a rebound.
11:15 of 2nd period - Slapshot by Viktor Loov.
11:15 of 2nd period - Shot Misses the Net.
11:35 of 2nd period - Snap shot by Nail Yakupov.
11:35 of 2nd period - Stopped by Jean-Francois Berube with a rebound.
11:37 of 2nd period - Slapshot by Chris Bigras.
11:37 of 2nd period - Shot Misses the Net.
11:39 of 2nd period - Snap shot by Tyler Bozak.
11:39 of 2nd period - Goal by Tyler Bozak - Condors : 3 - Diablos : 2.
11:40 of 2nd period - Tyler Bozak wins face-off versus Peter Holland in neutral zone.
11:47 of 2nd period - Wrist shot by Tyler Bozak.
11:47 of 2nd period - Shot Misses the Net.
12:05 of 2nd period - Nail Yakupov is hit by Mason Appleton and loses puck.
12:18 of 2nd period - Slapshot by Sergey Tolchinsky.
12:18 of 2nd period - Shot Misses the Net.
12:30 of 2nd period - Andrew Mangiapane is hit by Andrey Pedan and loses puck.
13:20 of 2nd period - Mark Jankowski is hit by Brian Dumoulin and loses puck.
13:33 of 2nd period - Wrist shot by Louis Leblanc.
13:33 of 2nd period - Shot Blocked by Dean Kukan.
13:35 of 2nd period - Wrist shot by Louis Leblanc.
13:35 of 2nd period - Shot Blocked by Dean Kukan.
13:37 of 2nd period - Snap shot by Louis Leblanc.
13:37 of 2nd period - Deflect By C.J Suess.
13:37 of 2nd period - Shot Blocked by Andrey Pedan.
13:37 of 2nd period - Puck is out of play.
13:38 of 2nd period - Mikko Lehtonen wins face-off versus Peter Holland in Diablos zone.
13:39 of 2nd period - Snap shot by C.J Suess.
13:39 of 2nd period - Shot Misses the Net.
13:41 of 2nd period - Wrist shot by Louis Leblanc.
13:41 of 2nd period - Goal by Louis Leblanc - Condors : 4 - Diablos : 2.
13:41 of 2nd period - Joni Ortio enters game.
13:42 of 2nd period - Peter Holland wins face-off versus Frederik Gauthier in neutral zone.
13:51 of 2nd period - Snap shot by Frederik Gauthier.
13:51 of 2nd period - Shot Misses the Net.
13:55 of 2nd period - Slapshot by Anton Slepyshev.
13:55 of 2nd period - Shot Misses the Net.
13:57 of 2nd period - Snap shot by Alex Tuch.
13:57 of 2nd period - Shot Misses the Net.
14:07 of 2nd period - Brian Dumoulin is hit by Carl Gunnarsson and loses puck.
14:23 of 2nd period - Icing by Jiri Sekac.
14:24 of 2nd period - Mark Jankowski wins face-off versus Mason Appleton in Diablos zone.
14:33 of 2nd period - Wrist shot by Daniel Zaar.
14:33 of 2nd period - Shot Blocked by Brian Dumoulin.
14:35 of 2nd period - Snap shot by Daniel Zaar.
14:35 of 2nd period - Stopped by Joni Ortio with a rebound.
14:37 of 2nd period - Wrist shot by Mark Jankowski.
14:37 of 2nd period - Stopped by Joni Ortio with a rebound.
14:39 of 2nd period - Slapshot by Daniel Zaar.
14:39 of 2nd period - Shot Misses the Net.
15:13 of 2nd period - Off-side.
15:14 of 2nd period - Peter Holland wins face-off versus Tyler Bozak in neutral zone.
15:16 of 2nd period - Off-side.
15:17 of 2nd period - Peter Holland wins face-off versus Tyler Bozak in neutral zone.
15:26 of 2nd period - Peter Holland is hit by Tyler Bozak and loses puck.
15:56 of 2nd period - Icing by Adrian Kempe.
15:57 of 2nd period - Frederik Gauthier wins face-off versus Peter Holland in Diablos zone.
16:02 of 2nd period - Wrist shot by Frederik Gauthier.
16:02 of 2nd period - Shot Misses the Net.
16:04 of 2nd period - Wrist shot by Anton Slepyshev.
16:04 of 2nd period - Shot Misses the Net.
17:14 of 2nd period - Slapshot by Brian Dumoulin.
17:14 of 2nd period - Shot Blocked by Chris Bigras.
17:24 of 2nd period - Alex Tuch is hit by Tyler Pitlick and loses puck.
18:05 of 2nd period - Slapshot by Daniel Zaar.
18:05 of 2nd period - Shot Blocked by Brian Dumoulin.
18:17 of 2nd period - Mason Appleton is hit by Mark Jankowski and loses puck.
18:36 of 2nd period - Wrist shot by Tyler Pitlick.
18:36 of 2nd period - Stopped by Mackenzie Blackwood without a rebound.
18:37 of 2nd period - Tyler Bozak wins face-off versus Danton Heinen in Condors zone.
18:37 of 2nd period - Tyler Bozak is hit by Adrian Kempe.
19:09 of 2nd period - Wrist shot by Daniel Sprong.
19:09 of 2nd period - Shot Blocked by Nail Yakupov.
19:11 of 2nd period - Snap shot by Daniel Sprong.
19:11 of 2nd period - Shot Misses the Net.
19:47 of 2nd period - Snap shot by Adrian Kempe.
19:47 of 2nd period - Shot Misses the Net.
Goals for this period are 3 for Condors vs 0 for Diablos .
Shots for this period are 12 for Condors vs 6 for Diablos .
3rd period
0:01 of 3rd period - Frederik Gauthier wins face-off versus Danton Heinen in neutral zone.
0:06 of 3rd period - Slapshot by Carl Gunnarsson.
0:06 of 3rd period - Shot Misses the Net.
0:08 of 3rd period - Snap shot by Eric Gustafsson.
0:08 of 3rd period - Shot Misses the Net.
0:10 of 3rd period - Slapshot by Eric Gustafsson.
0:10 of 3rd period - Stopped by Joni Ortio with a rebound.
0:12 of 3rd period - Wrist shot by Alex Tuch.
0:12 of 3rd period - Shot Misses the Net.
0:14 of 3rd period - Slapshot by Eric Gustafsson.
0:14 of 3rd period - Shot Misses the Net.
0:32 of 3rd period - Snap shot by Tyler Pitlick.
0:32 of 3rd period - Shot Blocked by Andrew Mangiapane.
0:34 of 3rd period - Slapshot by Viktor Loov.
0:34 of 3rd period - Stopped by Mackenzie Blackwood without a rebound.
0:35 of 3rd period - Corey Trivino wins face-off versus Frederik Gauthier in Condors zone.
1:01 of 3rd period - Andrei Mironov is hit by Nail Yakupov and loses puck.
1:08 of 3rd period - Wrist shot by Tyler Bozak.
1:08 of 3rd period - Stopped by Joni Ortio with a rebound.
1:28 of 3rd period - Slapshot by Viktor Loov.
1:28 of 3rd period - Stopped by Mackenzie Blackwood without a rebound.
1:29 of 3rd period - Frederik Gauthier wins face-off versus Jiri Sekac in Condors zone.
1:55 of 3rd period - Nail Yakupov is hit by Adrian Kempe and loses puck.
2:02 of 3rd period - Snap shot by Adrian Kempe.
2:02 of 3rd period - Stopped by Mackenzie Blackwood with a rebound.
2:20 of 3rd period - Christian Thomas is hit by Daniel Sprong.
2:58 of 3rd period - Wrist shot by Tyler Pitlick.
2:58 of 3rd period - Shot Misses the Net.
3:00 of 3rd period - Wrist shot by Corey Trivino.
3:00 of 3rd period - Stopped by Mackenzie Blackwood with a rebound.
3:02 of 3rd period - Slapshot by Dean Kukan.
3:02 of 3rd period - Deflect By Corey Trivino.
3:02 of 3rd period - Stopped by Mackenzie Blackwood without a rebound.
3:03 of 3rd period - Peter Holland wins face-off versus Frederik Gauthier in Condors zone.
4:11 of 3rd period - Snap shot by Carl Gunnarsson.
4:11 of 3rd period - Stopped by Joni Ortio with a rebound.
4:13 of 3rd period - Slapshot by Eric Gustafsson.
4:13 of 3rd period - Stopped by Joni Ortio without a rebound.
4:14 of 3rd period - Mark Jankowski wins face-off versus Peter Holland in Diablos zone.
4:21 of 3rd period - Wrist shot by Christian Thomas.
4:21 of 3rd period - Shot Misses the Net.
4:29 of 3rd period - Wrist shot by Adrian Kempe.
4:29 of 3rd period - Shot Misses the Net.
4:34 of 3rd period - Icing by Chris Bigras.
4:35 of 3rd period - Mark Jankowski wins face-off versus Corey Trivino in Condors zone.
4:42 of 3rd period - Wrist shot by Christian Thomas.
4:42 of 3rd period - Shot Misses the Net.
4:46 of 3rd period - Snap shot by Daniel Zaar.
4:46 of 3rd period - Stopped by Joni Ortio without a rebound.
4:47 of 3rd period - Tyler Bozak wins face-off versus Peter Holland in Diablos zone.
5:34 of 3rd period - Snap shot by Corey Tropp.
5:34 of 3rd period - Stopped by Mackenzie Blackwood without a rebound.
5:35 of 3rd period - Mark Jankowski wins face-off versus Mason Appleton in Condors zone.
6:23 of 3rd period - Slapshot by Corey Trivino.
6:23 of 3rd period - Shot Misses the Net.
6:25 of 3rd period - Snap shot by Andrei Mironov.
6:25 of 3rd period - Shot Misses the Net.
7:52 of 3rd period - Wrist shot by Daniel Zaar.
7:52 of 3rd period - Shot Misses the Net.
8:20 of 3rd period - Snap shot by Dominic Turgeon.
8:20 of 3rd period - Shot Blocked by Brett Lernout.
8:22 of 3rd period - Slapshot by Viktor Loov.
8:22 of 3rd period - Shot Blocked by Erik Cernak.
8:24 of 3rd period - Slapshot by Alex Petrovic.
8:24 of 3rd period - Stopped by Mackenzie Blackwood with a rebound.
8:26 of 3rd period - Slapshot by Viktor Loov.
8:26 of 3rd period - Stopped by Mackenzie Blackwood without a rebound.
8:27 of 3rd period - Tyler Bozak wins face-off versus Peter Holland in Condors zone.
8:38 of 3rd period - Snap shot by Peter Holland.
8:38 of 3rd period - Goal by Peter Holland - Condors : 4 - Diablos : 3.
8:39 of 3rd period - Tyler Bozak wins face-off versus Peter Holland in neutral zone.
9:29 of 3rd period - Dean Kukan is hit by C.J Suess and loses puck.
9:48 of 3rd period - Wrist shot by Adrian Kempe.
9:48 of 3rd period - Shot Misses the Net.
9:50 of 3rd period - Slapshot by Alex Petrovic.
9:50 of 3rd period - Shot Misses the Net.
9:52 of 3rd period - Snap shot by Alex Petrovic.
9:52 of 3rd period - Shot Blocked by Louis Leblanc.
10:01 of 3rd period - Off-side.
10:02 of 3rd period - Corey Trivino wins face-off versus Tyler Bozak in neutral zone.
10:02 of 3rd period - Corey Trivino is hit by Tyler Bozak.
10:06 of 3rd period - Snap shot by Jiri Sekac.
10:06 of 3rd period - Stopped by Mackenzie Blackwood with a rebound.
10:08 of 3rd period - Minor Penalty to Carl Gunnarsson for Cross-checking.
10:09 of 3rd period - Tyler Bozak wins face-off versus Adrian Kempe in Condors zone.
11:03 of 3rd period - Icing by Brian Dumoulin.
11:04 of 3rd period - Mark Jankowski wins face-off versus Corey Trivino in Diablos zone.
11:23 of 3rd period - Slapshot by Adrian Kempe.
11:23 of 3rd period - Shot Misses the Net.
11:25 of 3rd period - Wrist shot by Peter Holland.
11:25 of 3rd period - Goal by Peter Holland - Condors : 4 - Diablos : 4.
11:26 of 3rd period - Peter Holland wins face-off versus Tyler Bozak in neutral zone.
11:33 of 3rd period - Backhand shot by Carl Gunnarsson.
11:33 of 3rd period - Deflect By Nail Yakupov.
11:33 of 3rd period - Stopped by Joni Ortio without a rebound.
11:34 of 3rd period - Tyler Bozak wins face-off versus Peter Holland in Diablos zone.
12:08 of 3rd period - Alex Tuch is hit by Corey Trivino.
12:18 of 3rd period - Dean Kukan is hit by Daniel Zaar and loses puck.
12:57 of 3rd period - Minor Penalty to Andrey Pedan for Tripping.
12:58 of 3rd period - Tyler Bozak wins face-off versus Corey Trivino in Diablos zone.
13:03 of 3rd period - Slapshot by Tyler Bozak.
13:03 of 3rd period - Shot Blocked by Alex Petrovic.
13:05 of 3rd period - Wrist shot by Tyler Bozak.
13:05 of 3rd period - Shot Blocked by Dean Kukan.
13:07 of 3rd period - Slapshot by Zac Leslie.
13:07 of 3rd period - Deflect By Tyler Bozak.
13:07 of 3rd period - Stopped by Joni Ortio with a rebound.
13:09 of 3rd period - Snap shot by Tyler Bozak.
13:09 of 3rd period - Deflect By Alex Tuch.
13:09 of 3rd period - Shot Misses the Net.
13:09 of 3rd period - Puck is out of play.
13:10 of 3rd period - Tyler Pitlick wins face-off versus Tyler Bozak in Diablos zone.
13:55 of 3rd period - Dean Kukan is hit by Anton Slepyshev and loses puck.
14:57 of 3rd period - Penalty to Andrey Pedan is over, Andrey Pedan is back on ice.
15:17 of 3rd period - Off-side.
15:18 of 3rd period - Danton Heinen wins face-off versus Louis Leblanc in neutral zone.
15:21 of 3rd period - Slapshot by Peter Holland.
15:21 of 3rd period - Shot Misses the Net.
15:23 of 3rd period - Snap shot by Peter Holland.
15:23 of 3rd period - Stopped by Mackenzie Blackwood with a rebound.
15:41 of 3rd period - Snap shot by Daniel Zaar.
15:41 of 3rd period - Shot Misses the Net.
15:43 of 3rd period - Slapshot by Zac Leslie.
15:43 of 3rd period - Shot Blocked by Andrey Pedan.
15:47 of 3rd period - Snap shot by Daniel Zaar.
15:47 of 3rd period - Stopped by Joni Ortio without a rebound.
15:48 of 3rd period - Tyler Bozak wins face-off versus Corey Trivino in Diablos zone.
16:16 of 3rd period - Slapshot by Danton Heinen.
16:16 of 3rd period - Shot Blocked by Chris Bigras.
16:22 of 3rd period - Wrist shot by Peter Holland.
16:22 of 3rd period - Stopped by Mackenzie Blackwood with a rebound.
16:24 of 3rd period - Wrist shot by Adrian Kempe.
16:24 of 3rd period - Deflect By Peter Holland.
16:24 of 3rd period - Stopped by Mackenzie Blackwood without a rebound.
16:25 of 3rd period - Tyler Bozak wins face-off versus Peter Holland in Condors zone.
16:32 of 3rd period - Snap shot by Nail Yakupov.
16:32 of 3rd period - Shot Misses the Net.
16:34 of 3rd period - Snap shot by Nail Yakupov.
16:34 of 3rd period - Shot Misses the Net.
16:36 of 3rd period - Slapshot by Carl Gunnarsson.
16:36 of 3rd period - Stopped by Joni Ortio with a rebound.
16:38 of 3rd period - Slapshot by Eric Gustafsson.
16:38 of 3rd period - Stopped by Joni Ortio without a rebound.
16:39 of 3rd period - Tyler Bozak wins face-off versus Corey Trivino in Diablos zone.
16:46 of 3rd period - Snap shot by Tyler Bozak.
16:46 of 3rd period - Stopped by Joni Ortio with a rebound.
16:48 of 3rd period - Snap shot by Carl Gunnarsson.
16:48 of 3rd period - Deflect By Nail Yakupov.
16:48 of 3rd period - Shot Blocked by Viktor Loov.
16:48 of 3rd period - Puck is out of play.
16:49 of 3rd period - Tyler Bozak wins face-off versus Corey Trivino in Diablos zone.
17:00 of 3rd period - Snap shot by Tyler Bozak.
17:00 of 3rd period - Stopped by Joni Ortio without a rebound.
17:01 of 3rd period - Peter Holland wins face-off versus Tyler Bozak in Diablos zone.
17:01 of 3rd period - Peter Holland is hit by Eric Gustafsson.
17:07 of 3rd period - Wrist shot by Nail Yakupov.
17:07 of 3rd period - Deflect By Andrew Mangiapane.
17:07 of 3rd period - Shot Misses the Net.
17:07 of 3rd period - Puck is out of play.
17:08 of 3rd period - Peter Holland wins face-off versus Tyler Bozak in Diablos zone.
17:08 of 3rd period - Peter Holland is hit by Andrew Mangiapane.
17:25 of 3rd period - Icing by Eric Gustafsson.
17:26 of 3rd period - Tyler Bozak wins face-off versus Jiri Sekac in Condors zone.
17:26 of 3rd period - Tyler Bozak is hit by Corey Trivino.
17:52 of 3rd period - Daniel Zaar is hit by Danton Heinen and loses puck.
18:19 of 3rd period - Slapshot by Eric Gustafsson.
18:19 of 3rd period - Stopped by Joni Ortio with a rebound.
18:33 of 3rd period - Snap shot by Corey Tropp.
18:33 of 3rd period - Shot Misses the Net.
18:45 of 3rd period - Adrian Kempe is hit by Anton Slepyshev and loses puck.
Goals for this period are 0 for Condors vs 2 for Diablos .
Shots for this period are 13 for Condors vs 14 for Diablos .
Overtime #1
0:01 of 1st overtime period - Peter Holland wins face-off versus Tyler Bozak in neutral zone.
0:08 of 1st overtime period - Snap shot by Adrian Kempe.
0:08 of 1st overtime period - Shot Misses the Net.
0:10 of 1st overtime period - Wrist shot by Adrian Kempe.
0:10 of 1st overtime period - Shot Blocked by Carl Gunnarsson.
0:12 of 1st overtime period - Slapshot by Viktor Loov.
0:12 of 1st overtime period - Shot Misses the Net.
0:14 of 1st overtime period - Slapshot by Viktor Loov.
0:14 of 1st overtime period - Shot Misses the Net.
0:16 of 1st overtime period - Snap shot by Adrian Kempe.
0:16 of 1st overtime period - Stopped by Mackenzie Blackwood without a rebound.
0:17 of 1st overtime period - Tyler Bozak wins face-off versus Peter Holland in Condors zone.
0:17 of 1st overtime period - Tyler Bozak is hit by Peter Holland.
0:20 of 1st overtime period - Minor Penalty to Chris Bigras for Interference.
0:21 of 1st overtime period - Peter Holland wins face-off versus Tyler Bozak in Condors zone.
1:12 of 1st overtime period - Icing by Corey Trivino.
1:13 of 1st overtime period - Corey Trivino wins face-off versus Alex Tuch in Diablos zone.
1:24 of 1st overtime period - Wrist shot by Alex Tuch.
1:24 of 1st overtime period - Goal by Alex Tuch - Condors : 5 - Diablos : 4.
Goals for this period are 1 for Condors vs 0 for Diablos .
Shots for this period are 1 for Condors vs 1 for Diablos .